 Dungeon Crawl Stone Soup version 0.30-a0-634-g8abc85282e (webtiles) character file.

Game seed: 8412224529061574479

683 kingofthe the Conjurer (level 7, 0/36 HPs)
             Began as a Deep Elf Conjurer on Jan 14, 2023.
             Slain by a scorpion (7 damage)
             ... on level 5 of the Dungeon.
             The game lasted 00:20:40 (5493 turns).

kingofthe the Conjurer (Deep Elf Conjurer)          Turns: 5493, Time: 00:20:40

Health: 0/36       AC:  4    Str:  4    XL:     7   Next: 35%
Magic:  18/18      EV: 15    Int: 23    God:
Gold:   222        SH:  0    Dex: 23    Spells: 11/18 levels left

rFire   + + .      SeeInvis .    p - +2 whip (elec)
rCold   . . .      Faith    .    (no shield)
rNeg    . . .      Spirit   .    a - +0 robe
rPois   .          Reflect  .    x - +0 helmet
rElec   .          Harm     .    r - +0 cloak "Vuryhump" {rF+ Dex+8}
rCorr   .          Rampage  .    (no gloves)
Will    .....                    (no boots)
Stlth   +++                      (no amulet)
HPRegen 0.26/turn                e - ring of protection from fire
MPRegen 0.16/turn                (no ring)

@: lethally poisoned (0 -> -4)
A: no striking features
a: no special abilities


You were on level 5 of the Dungeon.
You visited 1 branch of the dungeon, and saw 5 of its levels.

You collected 222 gold pieces.

Inventory:

Hand Weapons
 h - a +0 quarterstaff
 o - a +0 dagger of flaming
 p - a +2 whip of electrocution (weapon)
 A - a +2 dagger of venom
 D - a +1 dagger of holy wrath
Missiles
 c - 65 stones (quivered)
Armour
 a - a +0 robe (worn)
 r - the +0 cloak "Vuryhump" (worn) {rF+ Dex+8}
   (You found it on level 2 of the Dungeon)

   Dex:       It affects your dexterity (+8).
   rF:        It protects you from fire.
 x - a +0 helmet (worn)
Magical Staves
 n - a staff of poison
Jewellery
 e - a ring of protection from fire (left hand)
 u - an amulet of faith
Wands
 q - a wand of light (6)
 E - a wand of roots (7)
Scrolls
 d - 6 scrolls of identify {unknown}
 f - 3 scrolls of enchant armour {unknown}
 g - 2 scrolls of magic mapping {unknown}
 k - 3 scrolls of enchant weapon {unknown}
 t - a scroll of vulnerability {unknown}
 v - 2 scrolls of immolation {unknown}
 w - a scroll of teleportation {unknown}
 y - 2 scrolls of fear {unknown}
Potions
 b - a potion of magic
 i - a potion of invisibility {unknown}
 j - 4 potions of lignification {unknown}
 l - 2 potions of might {unknown}
 m - 3 potions of cancellation {unknown}
 s - 3 potions of curing {unknown}
 z - a potion of haste {unknown}
 B - a potion of brilliance
 C - 2 potions of degeneration {unknown}
 F - a potion of flight {unknown}


   Skills:
 + Level 4.6 Dodging
 - Level 5.0 Stealth
 + Level 6.0 Spellcasting
 + Level 6.2 Conjurations
 + Level 1.1 Translocations
 + Level 2.8 Poison Magic


You had 11 spell levels left.
You knew the following spells:

 Your Spells              Type           Power      Damage    Failure   Level
a - Magic Dart            Conj           100%       1d8       1%          1
b - Blink                 Tloc           24%        N/A       9%          2
p - Poisonous Vapours     Pois/Air       26%        N/A       7%          2
x - Searing Ray           Conj           70%        2d7       1%          2

Your spell library contained the following spells:

 Spells                   Type           Power      Damage    Failure   Level
 Momentum Strike          Conj/Tloc      46%        3d9       2%          2
 Dazzling Flash           Conj/Hex       42%        N/A       7%          3
 Mephitic Cloud           Conj/Pois/Air  20%        N/A       8%          3
 Cigotuvi's Dreadful Rot  Necr/Pois/Air  22%        N/A       9%          2
 Lesser Beckoning         Tloc           24%        N/A       16%         3
 Iskenderun's Mystic Bla  Conj/Tloc      23%        2d6       19%         4
 Fulminant Prism          Conj/Hex       10%        3d8       24%         4


Dungeon Overview and Level Annotations

Branches:
Dungeon (5/15)
 Temple: D:4-7

Altars:
Elyvilon
Fedhas
Trog
Vehumet
Wu Jian

Annotations:
D:4 exclusion: statue
D:5 Dowan, Duvessa, Pikel, Sigmund


Message History

Confirm with . or Enter, or press ? or * to list all spells.
Aiming: Poisonous Vapours (safe; 7% risk of failure)
Press: ? - help, Dir - move target, f - Duvessa
Aim: Duvessa, wielding a +0 rapier, wearing a +0 leather armour and quivering stones (wandering, hasn't noticed you) Poisonous vapours surround Duvessa!
Duvessa is poisoned.
Duvessa shouts!
Duvessa throws a stone.
The stone hits you.
Casting: Poisonous Vapours (safe; 7% risk of failure)
Confirm with . or Enter, or press ? or * to list all spells.
Aiming: Magic Dart (safe; 1% risk of failure)
Press: ? - help, Shift-Dir - straight line, f/p - Duvessa
Aim: Duvessa, wielding a +0 rapier, wearing a +0 leather armour and quivering stones (poisoned, 100% to hit)
The magic dart hits Duvessa but does no damage.
Something unseen breaks down the door.
Pikel, Merchant of Souls comes into view.
He is wielding a +1 whip of freezing and carrying a wand of digging (6).
Pikel moves out of view.
The orc attacks as you move away! The orc closely misses you.
You hear a zap.
You hear a grinding noise.
Duvessa looks more healthy.
The orc attacks as you move away! The orc barely misses you.
The scorpion attacks as you move away! The scorpion stings you.
You are poisoned.
The scorpion poisons you!
You feel sick.
You feel sick.
You feel sick.
You hear a zap.
You hear a grinding noise.
You feel sick. The scorpion attacks as you move away! The scorpion stings you.
You feel sick. The scorpion stings you.
You are more poisoned.
The scorpion poisons you! The scorpion attacks as you move away!
The scorpion barely misses you.
You feel very sick. The orc attacks as you move away!
The orc completely misses you.
You feel very sick. The scorpion attacks as you move away!
The scorpion stings you.
You feel sick.
You feel sick.
Okay, then.
You feel sick. The scorpion stings you!
You die...

# ##...###...###...## ##### #...#
##### ##...###...###...##
##.....##.5.##.....##
#.......#.5e#.......#
#.......'.5.).......#
#.......#...#.......#
##.....##.so##.....###
##...###.@.###...##.. #####
##....#####..# ############
#.##.###... .......
...#####.##.#...# #######
#......[......# ..####
#......#.#...############
...).####........##........e....<
..##)............################
..#.....##....)........#


You could see Duvessa, 3 lemures, a scorpion and an orc.

Vanquished Creatures
  Eustachio (D:4)
  A scorpion (D:5)
  3 hounds
  A gnoll bouda (D:5)
  A jelly (D:5)
  An orc priest (D:5)
  3 iguanas
  7 adders
  5 gnolls (D:5)
  A white imp (D:4)
  2 worms
  3 dart slugs
  10 orcs
  4 bats
  2 endoplasms
  6 giant cockroaches
  13 goblins
  14 hobgoblins
  3 jackals (D:4)
  5 kobolds
  2 quokkas
  9 ball pythons
  2 frilled lizards (D:3)
  5 rats
104 creatures vanquished.

Vanquished Creatures (others)
  2 plants (D:1)
  A withered plant (D:1)
3 creatures vanquished.

Grand Total: 107 creatures vanquished

Notes
Turn   | Place    | Note
-------+----------+-------------------------------------------
     0 | D:1      | kingofthe the Deep Elf Conjurer began the quest for the
                  | Orb.
     0 | D:1      | Reached XP level 1. HP: 10/10 MP: 6/6
   321 | D:1      | Found a faded altar of an unknown god.
   505 | D:1      | Reached XP level 2. HP: 15/15 MP: 6/8
   508 | D:1      | Learned a level 2 spell: Searing Ray
  1451 | D:2      | Reached XP level 3. HP: 19/19 MP: 6/10
  1554 | D:2      | Identified the +0 cloak "Vuryhump" {rF+ Dex+8}
  2279 | D:3      | Reached XP level 4. HP: 24/24 MP: 7/12
  2824 | D:3      | Reached skill level 5 in Conjurations
  2982 | D:3      | Learned a level 2 spell: Poisonous Vapours
  3087 | D:3      | Reached XP level 5. HP: 6/28 MP: 5/13
  3477 | D:4      | Noticed Eustachio
  3757 | D:4      | Killed Eustachio
  3758 | D:4      | Reached skill level 5 in Spellcasting
  3758 | D:4      | Reached skill level 1 in Poison Magic
  3758 | D:4      | Reached XP level 6. HP: 26/32 MP: 6/15
  3849 | D:4      | Found a radiant altar of Vehumet.
  3998 | D:4      | Found an ornate altar of the Wu Jian Council.
  3998 | D:4      | Found a bloodstained altar of Trog.
  4053 | D:4      | Found a white marble altar of Elyvilon.
  4053 | D:4      | Found a blossoming altar of Fedhas.
  4231 | D:5      | Entered Level 5 of the Dungeon
  4315 | D:5      | Reached skill level 5 in Stealth
  4615 | D:5      | Noticed Sigmund
  4777 | D:5      | Noticed Dowan
  4965 | D:5      | Reached XP level 7. HP: 36/36 MP: 13/17
  4968 | D:5      | Learned a level 2 spell: Blink
  5200 | D:5      | Reached skill level 1 in Translocations
  5472 | D:5      | Noticed Duvessa
  5476 | D:5      | Noticed Pikel
  5493 | D:5      | Slain by a scorpion

Illustrated notes

Levels and vault maps discovered:
D:1:      roderic_octagonal_star, layout_basic,
          shapermc_ecumenical_altar_flowoftime
D:2:      layout_rooms
D:3:      layout_basic, mrwooster_statue_mirror, minmay_goblin_outpost
D:4:      layout_basic, grunt_temple_overflow_open, vehumet_statue,
          uniq_eustachio
D:5:      kennysheep_six_static_rooms, layout_basic, kennysheep_generic_room_13,
          uniq_duvessa, uniq_pikel, uniq_sigmund

Skill      XL: |  1  2  3  4  5  6  7 |
---------------+----------------------+-----
Dodging        | 3 4 |  4.6
Stealth        | 3 4 5 |  5.0
Spellcasting   | 4 5 6 |  6.0
Conjurations   | 5 6 |  6.2
Poison Magic   | 1 2 |  2.8
Translocations | 1 |  1.1

Action                   |  1- 3 |  4- 6 |  7- 9 || total
-------------------------+-------+-------+-------++-------
Melee: Quarterstaff      |     3 |       |       ||     3
       Whip              |       |    12 |       ||    12
Throw: Stone             |       |       |     1 ||     1
 Cast: Magic Dart        |    74 |   116 |    30 ||   220
       Searing Ray       |     3 |    10 |     5 ||    18
       Poisonous Vapours |       |     4 |     3 ||     7
Evoke: Wand              |       |     1 |       ||     1
Armor: Robe              |       |    11 |     2 ||    13
Dodge: Dodged            |     2 |    64 |     9 ||    75

Table legend: (Time is in decaauts)
 A = Elapsed time spent in this place.
 B = Non-inter-level travel time spent in this place.
 C = Inter-level travel time spent in this place.
 D = Time resting spent in this place.
 E = Time spent auto-exploring this place.
 F = Levels seen in this place.
 G = Mean time per level.
                   A        B        C        D        E       F      G
               +--------+--------+--------+--------+--------+-----+--------+
         Total |   5494 |   5241 |    253 |    978 |   3496 |   5 | 1098.8 |
       Dungeon |   5494 |   5241 |    253 |    978 |   3496 |   5 | 1098.8 |
               +--------+--------+--------+--------+--------+-----+--------+

Top non-repeatable levels by time:
     D:3: 1617 daAuts
     D:5: 1218 daAuts
     D:1: 1120 daAuts
     D:4: 963 daAuts
     D:2: 574 daAuts
